 Dungeon Crawl Stone Soup version 0.19-a0-2013-g488b080 (webtiles) character file.

17423 Firecrotchwizard the Destroyer (level 12, -6/68 HPs)
             Began as a Deep Elf Conjurer on Jan 17, 2017.
             Was an Elder of Vehumet.
             Engulfed by a cloud of freezing vapour (17 damage)
             ... in an ice cave.
             The game lasted 00:46:16 (13436 turns).

Firecrotchwizard the Destroyer (Deep Elf Conjurer) Turns: 13436, Time: 00:46:17

Health: -6/68      AC: 12    Str:  5    XL:     12   Next: 18%
Magic:  18/28      EV: 18    Int: 26    God:    Vehumet [****..]
Gold:   1154       SH:  0    Dex: 18    Spells: 13/32 levels left

rFire  + . .     SeeInvis .     L - staff of conjuration
rCold  . . .     Faith    .     g - +2 robe {rF+}
rNeg   . . .     Spirit   .     (no shield)
rPois  .         Reflect  .     i - +2 helmet
rElec  .                        F - +0 cloak
rCorr  .                        P - +2 pair of gloves
MR     +....                    h - +0 pair of boots
Stlth  ++........               D - amulet of magic regeneration
                                (no ring)
                                C - +3 ring of dexterity

@: repel missiles
A: no striking features
a: Renounce Religion


You were in an ice cave.
You worshipped Vehumet.
Vehumet was greatly pleased with you.
You were not hungry.

You visited 2 branches of the dungeon, and saw 13 of its levels.
You also visited: Ice Cave.

You collected 1154 gold pieces.

Inventory:

Hand Weapons
 j - a +0 spear
 w - a +2 war axe of flaming
Armour
 a - a +0 robe
 g - a +2 robe of fire resistance (worn)
 h - a +0 pair of boots (worn)
 i - a +2 helmet (worn)
 x - a +0 pair of gloves
 F - a +0 cloak (worn)
 O - +0 steam dragon scales
 P - a +2 pair of gloves (worn)
Magical Staves
 L - an uncursed staff of conjuration (weapon)
Jewellery
 C - a +3 ring of dexterity (left hand)
 D - an amulet of magic regeneration (around neck)
Wands
 q - a wand of flame (9/24)
 A - a wand of random effects (12/24)
 E - a wand of confusion (17/24)
 I - a wand of digging (11/18)
 J - a wand of slowing (12/24)
Scrolls
 c - 4 scrolls of fear
 d - a scroll of recharging
 e - a scroll of magic mapping
 k - 3 scrolls of immolation
 l - 5 scrolls of teleportation
 n - 2 scrolls of blinking
 s - 2 scrolls of fog
 y - 2 scrolls of amnesia
 z - 2 scrolls of enchant weapon
 N - a scroll of enchant armour
Potions
 f - 3 potions of heal wounds
 m - a potion of cure mutation
 o - a potion of might
 p - 2 potions of invisibility
 r - a potion of flight
 t - 2 potions of berserk rage
 u - 3 potions of curing
 B - a potion of ambrosia
 G - 2 potions of cancellation
 K - a potion of agility
 M - 2 potions of brilliance
Books
 b - a book of Conjurations

   Spells                             Type                      Level
   a - Magic Dart                     Conjuration                  1
   b - Searing Ray                    Conjuration                  2
   c - Dazzling Spray                 Conjuration/Hexes            3
   d - Fulminant Prism                Conjuration/Hexes            4
   e - Iskenderun's Mystic Blast      Conjuration                  4
   f - Iskenderun's Battlesphere      Conjuration/Charms           5
 v - a book of Minor Magic

   Spells                             Type                      Level
   a - Magic Dart                     Conjuration                  1
   b - Blink                          Translocation                2
   c - Call Imp                       Summoning                    2
   d - Repel Missiles                 Charms/Air                   2
   e - Slow                           Hexes                        2
   f - Conjure Flame                  Conjuration/Fire             3
   g - Mephitic Cloud                 Conjuration/Hexes/Air        3
 H - a book of the Sky

   Spells                             Type                      Level
   a - Summon Lightning Spire         Summoning/Air                4
   b - Airstrike                      Air                          4
   c - Silence                        Hexes/Air                    5
   d - Deflect Missiles               Charms/Air                   6
   e - Conjure Ball Lightning         Conjuration/Air              6
   f - Tornado                        Air                          9


   Skills:
 + Level 5.2 Fighting
 + Level 7.9 Dodging
 - Level 2.4 Stealth
 + Level 10.8 Spellcasting
 * Level 13.5 Conjurations
 - Level 7.2 Charms
 * Level 10.3 Fire Magic


You had 13 spell levels left.
You knew the following spells:

 Your Spells              Type           Power        Failure   Level  Hunger
a - Magic Dart            Conj           ####         0%          1    None
b - Searing Ray           Conj           ######       1%          2    None
c - Iskenderun's Mystic   Conj           #######.     1%          4    None
d - Iskenderun's Battles  Conj/Chrm      #######.     1%          5    ###....
e - Blink                 Tloc           N/A          10%         2    None
f - Mephitic Cloud        Conj/Hex/Air   ######..     1%          3    None
g - Repel Missiles        Chrm/Air       ####..       1%          2    None


Dungeon Overview and Level Annotations

Branches:
Dungeon (12/15)            Temple (1/1) D:4             Orc (0/2) D:10
   Lair: D:-1         Crypt: Vaults:-1     Tomb: Vaults:-1

Altars:
Cheibriados
Gozag
Hepliaklqana
Kikubaaqudgha
Makhleb
Nemelex Xobeh
Okawaru
Ru
Sif Muna
Trog
Uskayaw
Vehumet
Xom
The Shining One

Shops:
D:6 (

Annotations:
D:4 exclusion: 2 slaves
D:7 exclusion: ice statue


Message History

You are engulfed in freezing vapours (18).
Your battlesphere is engulfed in freezing vapours (1). x3
Your battlesphere is engulfed in freezing vapours (1). x3
Your battlesphere is engulfed in freezing vapours (1).
Your battlesphere is engulfed in freezing vapours (1). x3
You swap places.
You are engulfed in freezing vapours (10).
Your battlesphere is engulfed in freezing vapours (1). x3
You are engulfed in freezing vapours (11).
* * * LOW HITPOINT WARNING * * *
Your battlesphere is engulfed in freezing vapours (1). x3
Found 53 gold pieces and a potion of ambrosia.
Things that are here:
a wolf corpse; a yak corpse Your battlesphere is engulfed in freezing vapours (1).
You start resting.
Your battlesphere is engulfed in freezing vapours (1). x2
You start resting.
You are engulfed in freezing vapours (17).
You die...

##..#
##.## #
###.§## #!
$##.§##
#$#.##§§##
..#§§§.#
#§#§§##
##*§##
#@§##
#§§§#
#§§## #.§.
##.. ####


You could see a friendly battlesphere.

Vanquished Creatures
  A two-headed ogre (D:11)
  An orc high priest (D:10)
  2 cyclopes (D:11)
  Joseph (D:8)
  2 spiny frogs (D:9)
  A rime drake (D:9)
  4 trolls
  A polar bear (IceCv)
  8 blink frogs
  6 slime creatures (D:12)
  A black mamba zombie (D:10)
  A spriggan (D:8)
  3 wyverns
  A vampire (D:6)
  13 yaks
  A steam dragon (D:12)
  2 angry ghosts
  An acid dragon (D:11)
  A spiny frog skeleton (D:7)
  12 ice beasts
  A swamp drake (D:10)
  4 orc warriors
  5 ogres
  4 wolves (IceCv)
  8 centaurs
  A blink frog skeleton (D:10)
  A rime drake zombie (D:10)
  A wyvern skeleton (D:9)
  2 scorpions
  24 killer bees
  5 wights (D:11)
  An electric eel (D:6)
  3 howler monkeys
  A wasp zombie (D:12)
  5 crimson imps
  2 quasits (D:6)
  5 centaur zombies
  3 hounds
  11 orc wizards
  5 orc priests
  A bullfrog skeleton (D:5)
  4 jellies
  2 centaur skeletons
  An iguana (D:6)
  Natasha (thrice) (D:3)
  A worker ant (D:4)
  A hound zombie (D:6)
  A mummy (D:9)
  Robin (D:2)
  10 adders
  10 gnolls
  A shadow imp (D:8)
  2 dart slugs (D:2)
  8 leopard geckos
  33 orcs
  5 giant cockroaches
  15 goblins
  7 hobgoblins
  4 jackals
  5 quokkas
  2 ball pythons
  8 bats
  6 frilled lizards
  9 kobolds
  4 rats
299 creatures vanquished.

Vanquished Creatures (others)
  A wolf (IceCv)
  A fungus (D:12)
  3 plants
5 creatures vanquished.

Grand Total: 304 creatures vanquished

Notes
Turn   | Place    | Note
-------+----------+-------------------------------------------
     0 | D:1      | Firecrotchwizard the Deep Elf Conjurer began the quest for the Orb.
     0 | D:1      | Reached XP level 1. HP: 10/10 MP: 6/6
   216 | D:1      | Reached XP level 2. HP: 15/15 MP: 2/8
   274 | D:1      | Learned a level 2 spell: Searing Ray
   369 | D:1      | Found a glowing golden altar of the Shining One.
   687 | D:1      | Reached skill level 5 in Conjurations
   999 | D:2      | Reached XP level 3. HP: 19/19 MP: 8/10
  1114 | D:2      | Noticed Robin
  1402 | D:2      | Killed Robin
  1402 | D:2      | Reached XP level 4. HP: 24/24 MP: 1/12
  1677 | D:2      | Found a deep blue altar of Sif Muna.
  1699 | D:2      | Reached skill level 6 in Conjurations
  2324 | D:3      | Reached skill level 1 in Charms
  2324 | D:3      | Reached XP level 5. HP: 28/28 MP: 8/13
  2437 | D:3      | Learned a level 4 spell: Iskenderun's Mystic Blast
  2443 | D:3      | Learned a level 5 spell: Iskenderun's Battlesphere
  2803 | D:3      | Noticed Natasha
  2807 | D:3      | Killed Natasha
  2877 | D:3      | Found a faded altar of an unknown god.
  2909 | D:3      | Found a hazy altar of Hepliaklqana.
  3456 | D:3      | Noticed Natasha
  3457 | D:3      | Killed Natasha
  3482 | D:3      | Noticed Natasha
  3486 | D:3      | Killed Natasha
  3486 | D:3      | Reached skill level 7 in Conjurations
  3486 | D:3      | Reached XP level 6. HP: 25/32 MP: 9/15
  3588 | D:4      | Reached skill level 5 in Spellcasting
  3872 | D:4      | Found a shimmering altar of Xom.
  4095 | D:4      | Found a staircase to the Ecumenical Temple.
  4103 | Temple   | Entered the Ecumenical Temple
  4124 | Temple   | Became a worshipper of Vehumet
  4434 | D:4      | Reached XP level 7. HP: 36/36 MP: 12/17
  4857 | D:4      | Reached skill level 8 in Conjurations
  5265 | D:5      | Entered Level 5 of the Dungeon
  5424 | D:5      | Reached skill level 5 in Charms
  6435 | D:6      | Reached skill level 9 in Conjurations
  6435 | D:6      | Reached XP level 8. HP: 41/41 MP: 6/19
  6583 | D:6      | Found Haneguxt's Weapon Emporium.
  6613 | D:6      | Learned a level 2 spell: Blink
  6617 | D:6      | Learned a level 3 spell: Mephitic Cloud
  6620 | D:6      | Learned a level 2 spell: Repel Missiles
  7017 | D:6      | Reached * piety under Vehumet
  7017 | D:6      | Offered knowledge of Shock by Vehumet.
  7292 | D:6      | Found an iron altar of Okawaru.
  7297 | D:6      | Reached skill level 1 in Fire Magic
  7577 | D:6      | Reached skill level 1 in Fighting
  7899 | D:7      | Reached skill level 10 in Conjurations
  8166 | D:7      | Reached XP level 9. HP: 47/47 MP: 12/22
  8317 | D:7      | Noticed an ice statue
  9188 | D:8      | Noticed Joseph
  9190 | D:8      | Reached skill level 5 in Fire Magic
  9194 | D:8      | HP: 2/48 [Joseph/+0 quarterstaff (14)]
  9195 | D:8      | Killed Joseph
 10061 | D:8      | Found a shimmering altar of Xom.
 10296 | D:8      | Reached skill level 11 in Conjurations
 10464 | D:8      | Reached XP level 10. HP: 54/54 MP: 24/24
 10671 | D:9      | Noticed a spiny frog
 10675 | D:9      | Killed a spiny frog
 10681 | D:9      | Reached skill level 5 in Dodging
 10833 | D:9      | Noticed a spiny frog
 10838 | D:9      | Killed a spiny frog
 11034 | D:9      | Found a snail-covered altar of Cheibriados.
 11045 | D:10     | Entered Level 10 of the Dungeon
 11061 | D:10     | Noticed an orc high priest
 11063 | D:10     | Killed an orc high priest
 11067 | D:10     | Reached ** piety under Vehumet
 11067 | D:10     | Offered knowledge of Flame Tongue by Vehumet.
 11269 | D:10     | Found a sacrificial altar of Ru.
 11332 | D:10     | Reached skill level 12 in Conjurations
 11353 | D:10     | Reached XP level 11. HP: 51/61 MP: 6/26
 11549 | D:10     | Offered knowledge of Throw Flame by Vehumet.
 11827 | D:10     | Reached *** piety under Vehumet
 11874 | D:10     | Found a staircase to the Orcish Mines.
 12158 | D:11     | Offered knowledge of Throw Icicle by Vehumet.
 12287 | D:11     | Reached skill level 10 in Spellcasting
 12289 | D:11     | Noticed a two-headed ogre
 12295 | D:11     | Killed a two-headed ogre
 12928 | D:12     | Reached **** piety under Vehumet
 12948 | D:12     | Offered knowledge of Sticky Flame by Vehumet.
 12948 | D:12     | Reached skill level 13 in Conjurations
 13048 | D:12     | Reached skill level 5 in Fighting
 13182 | D:12     | Reached skill level 10 in Fire Magic
 13307 | D:12     | Reached XP level 12. HP: 68/68 MP: 22/28
 13315 | D:12     | Found a frozen archway.
 13353 | IceCv    | Entered an ice cave
 13436 | IceCv    | Engulfed by a cloud of freezing vapour

Vault maps used:
D:1:      evilmike_arrival_crescent, tso_metal_star
D:2:      led_sif_pool, uniq_robin
D:3:      lemuel_crystal_altar, ecumenical_altar_1, uniq_natasha
D:4:      led_xom_imps, first_bread, serial_bayou_lake_a, uniq_pikel
D:6:      okawaru_ov_weapons_minmay, serial_shops,
          nicolae_shop_temple_entry_statues_fountains,
          wad_floor_pattern_untrapped, nicolae_lava_and_water,
          corexii_hall_statues_u, eino_tiny_chamber
D:7:      lemuel_ice_statue
D:8:      grunt_pizzeria, kennysheep_small_spiral, lemuel_centaur_altar,
          uniq_joseph
D:9:      slow_altar_2
D:10:     erik_orc_1, nicolae_ru_the_path_less_chosen
D:11:     glass_columns_b
D:12:     portal_ice_cave_entry_ice_beasts
Temple:   eino_temple_water
IceCv:    ice_cave_caverns_02

Skill      XL: |  1  2  3  4  5  6  7  8  9 10 11 |
---------------+----------------------------------+-----
Conjurations   | 5 6 7 9 10 11 12 13 | 13.5
Spellcasting   | 4 5 6 7 8 9 10 | 10.8
Charms         | 1 3 4 5 7 |  7.2
Fire Magic     | 3 5 7 10 | 10.3
Fighting       | 1 2 4 5 |  5.2
Dodging        | 3 4 6 7 |  7.9
Stealth        | |  2.4

Action                   |  1- 3 |  4- 6 |  7- 9 | 10-12 || total
-------------------------+-------+-------+-------+-------++-------
Melee: Spear             |       |    10 |    20 |       ||    30
       War axe           |       |       |     3 |       ||     3
 Cast: Magic Dart        |    77 |   142 |   213 |   234 ||   666
       Searing Ray       |       |     3 |     3 |     1 ||     7
       Iskenderun's Myst |       |     3 |    25 |    36 ||    64
       Iskenderun's Batt |       |       |    23 |    52 ||    75
       Mephitic Cloud    |       |       |     1 |     3 ||     4
       Repel Missiles    |       |       |       |     1 ||     1
  Use: Scroll            |       |     2 |     2 |     1 ||     5
Armor: Robe              |     5 |     1 |    17 |    15 ||    38
Dodge: Dodged            |    12 |    21 |    47 |    30 ||   110
       Deflected         |       |       |       |     2 ||     2
